 Dungeon Crawl Stone Soup version 0.19.1 (webtiles) character file.

301 Peloso the Slasher (level 6, -3/49 HPs)
             Began as a Demonspawn Fighter on Dec 22, 2016.
             Killed by divine providence
             ... invoked by an orc priest
              (16 damage)
             ... on level 4 of the Dungeon.
             The game lasted 00:18:41 (2435 turns).

Peloso the Slasher (Demonspawn Fighter)             Turns: 2435, Time: 00:18:42

Health: -3/49      AC: 13    Str: 18    XL:     6   Next: 14%
Magic:  6/6        EV:  5    Int: 10    God:
Gold:   198        SH:  9    Dex: 12    Spells: 0 memorised, 5 levels left

rFire  . . .     SeeInvis .     a - +1 long sword
rCold  + . .     Gourm    .     k - +0 chain mail
rNeg   . . .     Faith    .     c - +0 shield
rPois  .         Spirit   .     (no helmet)
rElec  .         Reflect  .     (no cloak)
rCorr  .         Harm     .     e - +1 pair of gloves
MR     .....                    g - +0 pair of boots
Stlth  ..........               (no amulet)
                                r - ring of protection from cold
                                i - ring of flight

@: no status effects
A: rugged brown scales 1, demonic guardian 1, rot immunity
a: Evoke Flight


You were on level 4 of the Dungeon.
You were not hungry.

You visited 1 branch of the dungeon, and saw 4 of its levels.

You collected 198 gold pieces.

Inventory:

Hand Weapons
 a - a +1 long sword (weapon)
Armour
 b - a +0 scale mail
 c - a +0 shield (worn)
 e - a +1 pair of gloves (worn)
 g - a +0 pair of boots (worn)
 k - a +0 chain mail (worn)
Jewellery
 i - a ring of flight (left hand)
 r - a ring of protection from cold (right hand)
 v - an uncursed ring of ice
Wands
 t - a wand of iceblast (8/15)
Scrolls
 j - a scroll of remove curse
 p - a scroll of noise {unknown}
 q - a scroll of random uselessness {unknown}
 s - a scroll of magic mapping {unknown}
Potions
 d - 3 potions of might
 h - 2 potions of curing
 l - 2 potions of brilliance {unknown}
 m - a potion of haste {unknown}
 n - a potion of degeneration {unknown}
 u - 2 potions of agility {unknown}
Comestibles
 f - 3 bread rations
 o - 2 meat rations


   Skills:
 + Level 3.7 Fighting
 + Level 4.0 Long Blades
 + Level 3.5 Armour
 + Level 0.8 Dodging
 + Level 3.9 Shields


You had 5 spell levels left.
You didn't know any spells.

Dungeon Overview and Level Annotations

Branches:
Dungeon (4/15)
 Temple: D:4-7

Altars:
Gozag
Makhleb
Trog
Yredelemnul


Innate Abilities, Weirdness & Mutations

You are partially covered in rugged brown scales. (AC +1, +3% HP)
A weak demonic guardian rushes to your aid.
You are immune to rotting.


Message History

You kill the orc wizard!
Your Long Blades skill increases to level 4!
The orc priest mumbles some strange prayers to Beogh against you.
Beogh smites you!
* * * LOW HITPOINT WARNING * * *
You block the orc's attack.
You slash the orc!
You kill the orc!
You closely miss the orc. You block the orc's attack.
The orc priest calls down the wrath of Beogh upon you.
Beogh smites you!
* * * LOW HITPOINT WARNING * * *
The orc hits you.
* * * LOW HITPOINT WARNING * * *
Okay, then.
It was a potion of curing.
You feel better. You block the orc's attack.
You barely miss the orc.
The orc priest calls down the wrath of Beogh upon you.
Beogh smites you!
You die...

#......# ##.# #......#
#######
#############.#.#_#
#..8.#.#.#.# #######
#........... #......
#........... #......
#..8)#.#.#.#
#......#######..#⌠#.###.#
#.....oo@5......##### ###
#......#######.## ######.
#.# #o #.# .. #.# ## #.#
#.########## #...........
############


You could see an orc priest, an orc and a friendly iron imp.

Vanquished Creatures
  A howler monkey (D:4)
  2 orc priests (D:4)
  A bullfrog skeleton (D:4)
  An orc wizard (D:4)
  Ijyb (D:3)
  5 adders
  An adder skeleton (D:4)
  A dart slug (D:3)
  2 worms
  3 leopard geckos
  4 orcs (D:4)
  A giant cockroach (D:1)
  5 goblins
  11 hobgoblins
  4 jackals (D:2)
  11 kobolds
  A quokka (D:3)
  4 bats
  7 frilled lizards
  5 rats
71 creatures vanquished.

Vanquished Creatures (collateral kills)
  Natasha (D:3)
  An orc (D:4)
2 creatures vanquished.

Grand Total: 73 creatures vanquished

Notes
Turn   | Place    | Note
-------+----------+-------------------------------------------
     0 | D:1      | Peloso the Demonspawn Fighter began the quest for the Orb.
     0 | D:1      | Reached XP level 1. HP: 18/18 MP: 1/1
   107 | D:1      | Gained mutation: You are partially covered in rugged brown scales. (AC +1, +3% HP) [demonic ancestry]
   107 | D:1      | Reached XP level 2. HP: 11/24 MP: 2/2
   409 | D:1      | Reached skill level 2 in Long Blades
   847 | D:2      | Gained mutation: A weak demonic guardian rushes to your aid. [demonic ancestry]
   847 | D:2      | Reached XP level 3. HP: 29/29 MP: 3/3
  1106 | D:2      | Found a basalt altar of Yredelemnul.
  1262 | D:3      | Reached XP level 4. HP: 29/36 MP: 4/4
  1275 | D:3      | Found an opulent altar of Gozag.
  1316 | D:3      | Found a faded altar of an unknown god.
  1318 | D:3      | Noticed Natasha
  1322 | D:3      | Killed Natasha
  1355 | D:3      | Reached skill level 3 in Long Blades
  1554 | D:3      | Noticed Ijyb
  1569 | D:3      | Killed Ijyb
  1569 | D:3      | Reached XP level 5. HP: 42/42 MP: 5/5
  2389 | D:4      | Gained mutation: You are immune to rotting. [demonic ancestry]
  2389 | D:4      | Reached XP level 6. HP: 49/49 MP: 6/6
  2396 | D:4      | Found a bloodstained altar of Trog.
  2398 | D:4      | Found a burning altar of Makhleb.
  2431 | D:4      | Reached skill level 4 in Long Blades
  2435 | D:4      | Killed from afar by an orc priest

Skill      XL: |  1  2  3  4  5  6 |
---------------+-------------------+-----
Long Blades    | 2 3 4 |  4.0
Armour         | 3 |  3.5
Shields        | 3 |  3.9
Fighting       | |  3.7
Dodging        | |  0.8

Action                   |  1- 3 |  4- 6 || total
-------------------------+-------+-------++-------
Melee: Long sword        |   196 |   111 ||   307
  Use: Scroll            |       |     4 ||     4
       Potion            |       |     1 ||     1
  Eat: Chunk             |     2 |     4 ||     6
Armor: Scale mail        |    52 |       ||    52
       Chain mail        |    94 |    63 ||   157
Dodge: Dodged            |    51 |    20 ||    71
Block: Shield            |   117 |    61 ||   178
       Rpst.: Long sword |    16 |     6 ||    22
